 Dungeon Crawl Stone Soup version 0.26-a0-30-g56b8cd3df0 (webtiles) character file.

Game seed: 3472080946516763709, levelgen mode: deterministic

650 Hasart the Grave Robber (level 7, -3/46 HPs)
             Began as a Demonspawn Necromancer on June 3, 2020.
             Slain by a slave (7 damage)
             ... led by Pikel
             ... on level 5 of the Dungeon.
             The game lasted 00:09:23 (5639 turns).

Hasart the Grave Robber (Demonspawn Necromancer)    Turns: 5639, Time: 00:09:25

Health: -3/46      AC:  6    Str:  8    XL:     7   Next: 28%
Magic:  2/12       EV: 13    Int: 19    God:
Gold:   239        SH:  0    Dex: 13    Spells: 9/13 levels left

rFire    + . .     SeeInvis +   w - +0 falchion (elec)
rCold    . . .     Gourm    .   (no shield)
rNeg     . . .     Faith    .   a - +0 robe
rPois    .         Spirit   .   (helmet restricted)
rElec    .         Reflect  .   (no cloak)
rCorr    .         Harm     .   (no gloves)
MR       .....                  u - +1 pair of boots
Stlth    ++........             (no amulet)
HPRegen  0.15/turn              k - ring of see invisible
MPRegen  0.13/turn              (no ring)

@: flying
A: horns 2, molten scales 1, demonic guardian 2, fire resistance 1
a: no special abilities


You were on level 5 of the Dungeon.
You were hungry.

You visited 2 branches of the dungeon, and saw 6 of its levels.

You collected 239 gold pieces.

Inventory:

Hand Weapons
 q - a +4 scythe of freezing
 w - a +0 falchion of electrocution (weapon)
Armour
 a - a +0 robe (worn)
 u - a +1 pair of boots (worn)
Jewellery
 k - a ring of see invisible (left hand)
Wands
 p - a wand of random effects (24)
Scrolls
 b - 2 scrolls of fog
 f - 8 scrolls of identify {unknown}
 h - 3 scrolls of remove curse
 j - 4 scrolls of enchant weapon {unknown}
 m - 2 scrolls of enchant armour {unknown}
 o - a scroll of immolation {unknown}
 s - a scroll of fear {unknown}
 t - 2 scrolls of noise {unknown}
 v - a scroll of teleportation {unknown}
Potions
 d - a potion of invisibility {unknown}
 e - a potion of lignification {unknown}
 g - a potion of flight
 i - a potion of stabbing {unknown}
 l - a potion of brilliance {unknown}
 n - a potion of magic {unknown}
 x - a potion of haste {unknown}
Comestibles
 c - 13 rations
 r - 5 chunks of flesh


   Skills:
 + Level 3.7 Dodging
 - Level 1.8 Stealth
 + Level 3.9 Spellcasting
 * Level 7.8 Necromancy


You had 9 spell levels left.
You knew the following spells:

 Your Spells              Type           Power        Failure   Level  Hunger
a - Pain                  Necr           ####         1%          1    None
b - Vampiric Draining     Necr           ####......   1%          3    ###....

Your spell library contained the following spells:

 Spells                   Type           Power        Failure   Level  Hunger
 Animate Skeleton         Necr           N/A          1%          1    None
 Animate Dead             Necr           N/A          5%          4    ####...
 Agony                    Necr           ####....     16%         5    ######.


Dungeon Overview and Level Annotations

Branches:
Dungeon (5/15)             Temple (1/1) D:4

Altars:
Ashenzari
Cheibriados
Fedhas
Kikubaaqudgha
Makhleb
Nemelex Xobeh
Okawaru
Qazlal
Xom
Yredelemnul

Annotations:
D:5 Pikel


Innate Abilities, Weirdness & Mutations

You have a pair of horns on your head.
You are partially covered in molten scales. (AC +2)
A demonic guardian rushes to your aid.
Your flesh is heat resistant. (rF+)


Message History

You closely miss the centaur.
The centaur is moderately wounded.
The centaur hits you.
* * * LOW HITPOINT WARNING * * *
Pikel hits your soul eater with a +2 whip of freezing!
Pikel freezes your soul eater. The slave hits you but does no damage.
The centaur hits you.
* * * LOW HITPOINT WARNING * * *
Your soul eater closely misses Pikel.
Your orange demon stings the slave.
The slave looks as sick as possible!
Your orange demon poisons the slave!
Your orange demon closely misses the slave.
The slave hits your orange demon.
It was a potion of flight.
You feel very buoyant.
You fly up into the air.
The slave dies!
The centaur hits you.
* * * LOW HITPOINT WARNING * * *
The slave hits you!
You die...

##..#
###.....##
###.#
##...## ##
.# #..#..#
..#
#.###.##
##... #..
##.##
#...# #.#
#..##...#
..
##4....#
..#
#(.c..#
...
##.@#...#
#3p####..#
#K.## #c
#(..4
#...##
..##. # #


You could see Pikel, a slave, a centaur, a friendly soul eater (summoned), a
friendly orange demon (summoned) and a friendly ice devil (summoned).

Vanquished Creatures
  Sigmund (D:2)
  A slave (D:5)
  A scorpion (D:5)
  A crimson imp (D:4)
  A hound (D:4)
  An orc wizard (D:3)
  A worker ant (D:4)
  2 gnolls (D:4)
  A howler monkey skeleton (D:5)
  10 adders
  An ooze (D:1)
  An adder skeleton (D:5)
  5 worms
  2 dart slugs
  2 leopard geckos (D:4)
  12 orcs
  13 bats
  4 giant cockroaches
  5 goblins
  2 hobgoblins
  10 jackals
  A quokka (D:3)
  A ball python (D:2)
  4 frilled lizards
  5 kobolds
  5 rats
93 creatures vanquished.

Vanquished Creatures (collateral kills)
  A slave (D:5)
  A phantom (D:4)
  A howler monkey (D:4)
  A gnoll (D:4)
4 creatures vanquished.

Grand Total: 97 creatures vanquished

Notes
Turn   | Place    | Note
-------+----------+-------------------------------------------
     0 | D:1      | Hasart the Demonspawn Necromancer began the quest for the
                  | Orb.
     0 | D:1      | Reached XP level 1. HP: 13/13 MP: 3/3
   282 | D:1      | Gained mutation: You have a pair of small horns on your
                  | head. [demonic ancestry]
   282 | D:1      | Reached XP level 2. HP: 6/19 MP: 0/5
   720 | D:1      | Reached skill level 5 in Necromancy
  1190 | D:2      | Gained mutation: You are partially covered in molten
                  | scales. (AC +2) [demonic ancestry]
  1190 | D:2      | Reached XP level 3. HP: 24/24 MP: 3/6
  2013 | D:2      | Noticed Sigmund
  2023 | D:2      | Killed Sigmund
  2023 | D:2      | Reached skill level 6 in Necromancy
  2023 | D:2      | Gained mutation: Your flesh is heat resistant. (rF+)
                  | [demonic ancestry]
  2023 | D:2      | Reached XP level 4. HP: 15/30 MP: 0/8
  2023 | D:2      | Gained mutation: You have a pair of horns on your head.
                  | [demonic ancestry]
  2023 | D:2      | Reached XP level 5. HP: 18/35 MP: 0/9
  2785 | D:3      | Found a blossoming altar of Fedhas.
  3315 | D:3      | Gained mutation: A weak demonic guardian rushes to your
                  | aid. [demonic ancestry]
  3315 | D:3      | Reached XP level 6. HP: 17/41 MP: 4/10
  3320 | D:3      | Learned a level 3 spell: Vampiric Draining
  3988 | D:4      | Reached skill level 7 in Necromancy
  4910 | D:4      | Gained mutation: A demonic guardian rushes to your aid.
                  | [demonic ancestry]
  4910 | D:4      | Reached XP level 7. HP: 45/46 MP: 9/12
  4963 | D:4      | Found a staircase to the Ecumenical Temple.
  5004 | Temple   | Entered the Ecumenical Temple
  5519 | D:5      | Entered Level 5 of the Dungeon
  5628 | D:5      | Noticed Pikel
  5639 | D:5      | Slain by a slave

Illustrated notes

Levels and vault maps discovered:
D:1:      scummos_arrival_simple_fountains, layout_rooms, dk_noncrumbling_4,
          minmay_statues_item, minmay_box_of_dots
D:2:      layout_basic, kennysheep_generic_room_15, uniq_sigmund
D:3:      layout_loops_ring, fedhas_altar_fruit_tree, kennysheep_generic_room_5
D:4:      layout_loops_cross, minmay_temple_entry_large_hall, first_ration
D:5:      layout_layer_cave, lemuel_crystal_altar, uniq_pikel
Temple:   nicolae_temple_figure_zero

Skill      XL: |  1  2  3  4  5  6 |
---------------+-------------------+-----
Necromancy     | 5 6 7 |  7.8
Dodging        | 2 3 |  3.7
Spellcasting   | 3 |  3.9
Stealth        | |  1.8

Action                   |  1- 3 |  4- 6 |  7- 9 || total
-------------------------+-------+-------+-------++-------
Melee: Spear             |    24 |       |       ||    24
       Headbutt          |     2 |     1 |     1 ||     4
       Scythe            |       |    18 |     4 ||    22
       Falchion          |       |       |     9 ||     9
 Cast: Pain              |    61 |    93 |    35 ||   189
       Vampiric Draining |       |     3 |     3 ||     6
  Use: Scroll            |       |     2 |       ||     2
       Potion            |       |       |     1 ||     1
 Stab: Distracted        |       |     1 |       ||     1
       Sleeping          |       |     1 |       ||     1
  Eat: Chunk             |     4 |     9 |     2 ||    15
Armor: Robe              |     8 |    17 |     7 ||    32
Dodge: Dodged            |    17 |    46 |    19 ||    82
       Rpst.: Falchion   |       |       |     1 ||     1

Table legend:
 A = Non-vault XP
 B = Vault XP
 C = Vault XP percentage of total XP
 D = Non-vault monster count
 E = Vault monster count
 F = Vault count percentage of total count
                 A         B        C        D         E       F
            +---------+---------+-------+---------+---------+-------
      Total |     687 |     242 |  26.0 |      88 |       7 |   7.4
            +---------+---------+-------+---------+---------+-------
        D:1 |      27 |       4 |  12.9 |      14 |       2 |  12.5
        D:2 |      47 |     221 |  82.5 |      20 |       2 |   9.1
        D:3 |     105 |      17 |  13.9 |      22 |       3 |  12.0
        D:4 |     405 |       0 |   0.0 |      28 |       0 |   0.0
        D:5 |     103 |       0 |   0.0 |       4 |       0 |   0.0
            +---------+---------+-------+---------+---------+-------
